 Dungeon Crawl Stone Soup version 0.19-a0-1922-g1e9a4c1 (webtiles) character file.

16176 pkoi the Carver (level 12, -3/94 (95) HPs)
             Began as a Formicid Fighter on Oct 25, 2016.
             Was the Champion of Okawaru.
             Slain by an 11-headed hydra (6 damage)
             ... on level 11 of the Dungeon.
             The game lasted 00:24:14 (14219 turns).

pkoi the Carver (Formicid Fighter)                 Turns: 14219, Time: 00:24:15

HP:   -3/94 (95)    AC: 12    Str: 30    XL:     12   Next: 66%
MP:   22/23         EV: 17    Int:  9    God:    Okawaru [******]
Gold: 183           SH: 14    Dex:  8    Spells: 0 memorised, 11 levels left

rFire  . . .     SeeInvis +     F - +2 scimitar (freeze)
rCold  . . .     Gourm    .     y - +0 steam dragon scales
rNeg   . . .     Faith    .     c - +0 shield
rPois  +         Spirit   .     (helmet unavailable)
rElec  .         Reflect  .     v - +0 cloak
rCorr  +         Harm     .     (no gloves)
MR     +....                    o - +1 pair of boots
Stlth  ++........               (no amulet)
                                L - ring of Beqoe {+Blink rPois MP+9 Str+3}
                                m - ring of resist corrosion

@: heroism
A: permanent stasis, dig shafts and tunnels, four strong arms, antennae 3,
clumsy 1, strong 1
a: Dig, Shaft Self, Heroism, Finesse, Renounce Religion


You were on level 11 of the Dungeon.
You worshipped Okawaru.
Okawaru was exalted by your worship.
You were not hungry.

You visited 1 branch of the dungeon, and saw 11 of its levels.

You collected 819 gold pieces.
You spent 636 gold pieces at shops.

Inventory:

Hand Weapons
 F - a +2 scimitar of freezing (weapon)
 G - a +0 hand crossbow
Missiles
 a - 16 bolts
Armour
 c - a +0 shield (worn)
 o - a +1 pair of boots (worn)
 v - a +0 cloak (worn)
 y - +0 steam dragon scales (worn)
Rods
 u - a +0 rod of shadows (11/11)
   (You found it on level 5 of the Dungeon)
Jewellery
 m - a ring of resist corrosion (left hand)
 D - an uncursed ring of ice
 L - the ring of Beqoe (right hand) {+Blink rPois MP+9 Str+3}
   (You bought it in a shop on level 11 of the Dungeon)

   [ring of magical power]

   It affects your strength (+3).
   It protects you from poison.
   It affects your magic capacity (+9).
   It lets you blink.
Wands
 p - a wand of flame (2/48)
 s - a wand of disintegration (14/24)
 A - a wand of lightning (0/15)
 B - a wand of enslavement (10/24)
Scrolls
 h - 2 scrolls of enchant weapon
 k - a scroll of fear
 l - 11 scrolls of identify
 r - a scroll of amnesia
 t - 2 scrolls of remove curse
 E - a scroll of silence {unknown}
 I - a scroll of vulnerability {unknown}
 J - a scroll of enchant armour
 K - a scroll of recharging {unknown}
Potions
 d - 3 potions of might
 e - 2 potions of lignification
 g - a potion of brilliance
 i - 2 potions of cure mutation
 j - 9 potions of curing
 q - 3 potions of heal wounds
 z - a potion of agility
 C - a potion of cancellation {unknown}
Comestibles
 b - 4 fruits
 f - 8 bread rations
 n - 3 meat rations
 w - 5 beef jerkies
 x - 10 royal jellies
 H - 2 chunks of flesh


   Skills:
 + Level 9.2(14.2) Fighting
 + Level 11.5(16.5) Long Blades
 + Level 3.6(8.6) Crossbows
 + Level 9.4(14.4) Armour
 + Level 7.5(12.5) Dodging
 - Level 9.2(14.2) Shields
 + Level 3.4 Invocations
 + Level 0.0 Evocations


You had 11 spell levels left.
You didn't know any spells.

Dungeon Overview and Level Annotations

Branches:
Dungeon (11/15)            Temple (0/1) D:5            Lair (0/6) D:11
    Orc: D:9-12

Altars:
Cheibriados
Fedhas
Hepliaklqana
Makhleb
Nemelex Xobeh
Okawaru
Qazlal
Ru
Uskayaw
Vehumet
Yredelemnul

Shops:
D:11 =

Annotations:
D:5 exclusion: statue


Innate Abilities, Weirdness & Mutations

You are under a permanent stasis effect.
You can dig through walls and to a lower floor.
Your four strong arms can wield two-handed weapons with a shield.
You have a pair of large antennae on your head. (SInv)
You are clumsy. (Dex -2)
Your muscles are strong. (Str +2)


Message History

You block the 11-headed hydra's attack. x2
The 11-headed hydra barely misses you. The 11-headed hydra closely misses you.
The 11-headed hydra bites you but does no damage.
The 11-headed hydra barely misses you. The 11-headed hydra bites you.
* * * LOW HITPOINT WARNING * * *
The 11-headed hydra closely misses you. You block the 11-headed hydra's attack.
Unknown command.
Okay, then.
Unknown command.
Unknown command.
Unknown command.
Are you sure you want to shaft yourself?
You feel quite a bit more hungry.
You block the 11-headed hydra's attack. x2
The 11-headed hydra bites you.
* * * LOW HITPOINT WARNING * * *
The 11-headed hydra bites you!
* * * LOW HITPOINT WARNING * * *
The 11-headed hydra completely misses you.
The 11-headed hydra misses you. The 11-headed hydra bites you.
You die...

#...(...##...##......(...#
#.......##...##..........# #
#.......##..........<(...#
.#####.......##...#....((.....#
.....[.......#....#...........#
.P######.#.###.######.....(..##
P.# ##.#.r##.### ##........## .r.
#.{#.cr.YD.###..........###
..{####.##{#####@.<...>...)...#..
.rP{.#{{...# #####............#
.PsPcu...### #..........###
..P...r.## #..>.......# #
.....#### #.........#### ..P.P#
#.......>#.... .....#
###†#....###.### .P...#
##......#####.# ..P...
####...###.......#


You could see a 11-headed hydra, a yak, a centaur, a river rat and a rat.

Vanquished Creatures
  Erolcha (D:9)
  2 centaur warriors
  A hydra (D:8)
  An unseen horror (D:11)
  Pikel (D:4)
  2 hill giants
  The ghost of traveller the Poker, a novice OpWn of Jiyva (D:10)
  The ghost of MrDNA the Cruncher, a novice FoFi of Okawaru (D:5)
  A manticore (D:10)
  A cyclops (D:10)
  A centaur zombie (D:10)
  Psyche (D:9)
  The ghost of razgard the Skirmisher, an amateur MiFi of Okawaru (D:4)
  A hornet (D:8)
  Grinder (D:4)
  A troll (D:10)
  Prince Ribbit (D:7)
  3 hippogriffs
  A wraith (D:10)
  A redback (D:9)
  8 yaks (D:10)
  A vampire (D:10)
  2 hungry ghosts
  Grum (D:10)
  A steam dragon (D:7)
  A vampire mosquito (D:9)
  2 soldier ants (D:8)
  2 water moccasins (D:8)
  6 sky beasts
  2 ice beasts
  2 orc warriors
  2 phantoms (D:10)
  3 necrophages
  5 ogres
  9 centaurs
  2 wolves (D:10)
  2 crocodiles
  7 bullfrogs
  A wyvern skeleton (D:10)
  3 scorpions
  A killer bee (D:8)
  5 wights (D:6)
  An electric eel (D:10)
  A howler monkey (D:10)
  A bullfrog zombie (D:9)
  3 crimson imps
  3 hounds
  A jelly (D:6)
  An orc priest (D:10)
  12 orc wizards
  A gnoll shaman (D:6)
  Jessica (D:3)
  8 worker ants
  2 iguanas
  A killer bee zombie (D:8)
  A hound zombie (D:9)
  A hound skeleton (D:8)
  3 howler monkey skeletons
  14 gnolls
  10 adders
  A river rat (D:11)
  4 shadow imps
  An ooze (D:5)
  3 adder zombies
  2 dart slugs
  4 leopard geckos
  22 orcs
  2 ball pythons
  14 bats
  13 giant cockroaches
  5 goblins
  8 hobgoblins
  11 jackals
  5 quokkas
  8 frilled lizards
  5 kobolds
  A leopard gecko zombie (D:7)
  7 rats
273 creatures vanquished.

Vanquished Creatures (collateral kills)
  Maurice (D:8)
  3 gnolls (D:8)
  A leopard gecko (D:8)
5 creatures vanquished.

Vanquished Creatures (others)
  2 slaves (D:4)
  A scorpion (D:4)
  A worker ant (D:4)
  An adder (D:4)
  A leopard gecko (D:4)
  43 fungi
  36 plants
85 creatures vanquished.

Grand Total: 363 creatures vanquished

Notes
Turn   | Place    | Note
-------+----------+-------------------------------------------
     0 | D:1      | pkoi the Formicid Fighter began the quest for the Orb.
     0 | D:1      | Reached XP level 1. HP: 18/18 MP: 1/1
   179 | D:1      | Reached XP level 2. HP: 17/24 MP: 2/2
   354 | D:1      | Reached skill level 3 in Long Blades
   439 | D:1      | Reached XP level 3. HP: 24/29 MP: 3/3
  1130 | D:2      | Reached skill level 4 in Long Blades
  1130 | D:2      | Reached XP level 4. HP: 33/35 MP: 4/4
  1688 | D:3      | Found an iron altar of Okawaru.
  1794 | D:3      | Found a sacrificial altar of Ru.
  1895 | D:3      | Noticed Jessica
  1900 | D:3      | Killed Jessica
  1900 | D:3      | Reached XP level 5. HP: 36/41 MP: 5/5
  2075 | D:3      | Reached skill level 5 in Long Blades
  2302 | D:3      | Became a worshipper of Warmaster Okawaru
  2413 | D:4      | Noticed Grinder
  2696 | D:4      | Noticed an ogre
  2703 | D:4      | Killed an ogre
  2703 | D:4      | Reached XP level 6. HP: 47/47 MP: 6/6
  2775 | D:4      | Noticed Pikel
  2775 | D:4      | Noticed a slave
  2775 | D:4      | Noticed a slave
  2821 | D:4      | Noticed a slave
  2825 | D:4      | Noticed a slave
  2829 | D:4      | Killed Pikel
  2829 | D:4      | Reached * piety under Okawaru
  2829 | D:4      | Reached skill level 8 in Long Blades
  2829 | D:4      | Reached XP level 7. HP: 31/52 MP: 7/7
  2830 | D:4      | Noticed razgard's ghost (amateur MiFi)
  3032 | D:4      | Killed Grinder
  3032 | D:4      | Reached skill level 1 in Dodging
  3032 | D:4      | Reached XP level 8. HP: 11/60 MP: 8/8
  3482 | D:4      | Killed razgard's ghost
  3482 | D:4      | Reached ** piety under Okawaru
  3800 | D:5      | Entered Level 5 of the Dungeon
  3839 | D:5      | Found a sparkling altar of Nemelex Xobeh.
  3970 | D:5      | You fall through a shaft for 2 floors!
  4178 | D:7      | Paralysed by fainting for 5 turns
  4184 | D:7      | Reached skill level 5 in Shields
  4184 | D:7      | Reached skill level 1 in Invocations
  4200 | D:7      | Reached XP level 9. HP: 66/66 MP: 9/9
  4513 | D:7      | Noticed Prince Ribbit
  4521 | D:7      | Killed Prince Ribbit
  4521 | D:7      | Reached skill level 9 in Long Blades
  5001 | D:6      | Found a sacrificial altar of Ru.
  5030 | D:6      | Reached skill level 5 in Armour
  5148 | D:6      | Gained mutation: Your muscles are strong. (Str +2) [potion of mutation]
  5148 | D:6      | Gained mutation: You are clumsy. (Dex -2) [potion of mutation]
  5669 | D:6      | Found a radiant altar of Vehumet.
  5767 | D:6      | Reached skill level 5 in Fighting
  6202 | D:5      | Found a stormy altar of Qazlal.
  6358 | D:5      | Noticed MrDNA's ghost (novice FoFi)
  6389 | D:5      | Killed MrDNA's ghost
  6389 | D:5      | Reached *** piety under Okawaru
  6643 | D:5      | Found a faded altar of an unknown god.
  6643 | D:5      | Found a hide-covered altar of Uskayaw.
  6648 | D:5      | Found a snail-covered altar of Cheibriados.
  6650 | D:5      | Found a basalt altar of Yredelemnul.
  6653 | D:5      | Found a faded altar of an unknown god.
  6783 | D:5      | Reached XP level 10. HP: 57/74 MP: 12/12
  6882 | D:5      | Found a blossoming altar of Fedhas.
  6888 | D:5      | Found a staircase to the Ecumenical Temple.
  7045 | D:5      | Found a radiant altar of Vehumet.
  7293 | D:8      | Noticed Maurice
  7404 | D:8      | Identified a +0 rod of shadows (11/11) (You found it on level 5 of the Dungeon)
  7410 | D:8      | Killed Maurice
  7469 | D:8      | Reached **** piety under Okawaru
  7576 | D:8      | Found a burning altar of Makhleb.
  8019 | D:8      | Noticed a four-headed hydra
  8031 | D:8      | Reached skill level 10 in Long Blades
  8466 | D:8      | Reached skill level 5 in Dodging
  8522 | D:9      | Noticed Psyche
  8527 | D:9      | Killed Psyche
  8527 | D:9      | Reached ***** piety under Okawaru
  8569 | D:9      | Found a hazy altar of Hepliaklqana.
  8995 | D:9      | Reached XP level 11. HP: 83/83 MP: 13/13
  9428 | D:9      | Noticed Erolcha
  9441 | D:9      | Killed Erolcha
  9580 | D:10     | Entered Level 10 of the Dungeon
  9608 | D:10     | Noticed a centaur warrior
 10090 | D:10     | Noticed a cyclops
 10100 | D:10     | Killed a cyclops
 10783 | D:10     | Noticed traveller's ghost (novice OpWn)
 10958 | D:10     | Received a gift from Okawaru
 10979 | D:10     | Killed a centaur warrior
 11638 | D:10     | Noticed a manticore
 11648 | D:10     | Killed a manticore
 11654 | D:10     | Killed traveller's ghost
 11841 | D:8      | Killed a four-headed hydra
 11841 | D:8      | Reached skill level 11 in Long Blades
 11841 | D:8      | Reached skill level 1 in Crossbows
 11841 | D:8      | Reached XP level 12. HP: 76/94 MP: 14/14
 12428 | D:10     | Received a gift from Okawaru
 12796 | D:11     | Noticed Grum
 12796 | D:11     | Noticed a centaur warrior
 12955 | D:10     | Killed Grum
 13555 | D:10     | Reached ****** piety under Okawaru
 13571 | D:11     | Killed a centaur warrior
 13998 | D:11     | Noticed an unseen horror
 14018 | D:11     | Killed an unseen horror
 14048 | D:11     | Found Joavaawn's Jewellery Emporium.
 14059 | D:11     | Bought the ring of Beqoe {+Blink rPois MP+9 Str+3} for 578 gold pieces
 14059 | D:11     | Bought a cursed ring of loudness for 58 gold pieces
 14186 | D:11     | Noticed a four-headed hydra
 14187 | D:11     | Found a staircase to the Lair.
 14219 | D:11     | HP: 3/94 [11-headed hydra (10)]
 14219 | D:11     | Slain by an 11-headed hydra

Vault maps used:
D:1:      mrwooster_arrival_arrow
D:2:      minmay_roachtagon
D:3:      okawaru_gym_becter, minmay_misc_feat_rows,
          nicolae_ru_sacrificial_ziggurat, uniq_jessica
D:4:      uniq_pikel, uniq_grinder
D:5:      fedhas_altar_2, vehumet_statue, grunt_qazlal_sundering,
          nemelex_xobeh_ov_fountains_minmay,
          chequers_temple_overflow_minitemple, first_bread
D:6:      lemuel_crystal_altar, basic_altar
D:7:      uniq_prince_ribbit1
D:8:      minmay_bloctagon, nicolae_overflow_crystal_walls,
          hangedman_pestilent_swarm, uniq_maurice
D:9:      overflow_temple_1_default, uniq_psyche, uniq_erolcha
D:10:     minmay_bloctagon_deflated, fungi_pond_lemuel, hangedman_decor_growths,
          serial_bayou_pond_d
D:11:     due_lair_maze_entry_diamond, serial_shops, shop_statue,
          uniq_josephine, uniq_grum

Skill      XL: |  1  2  3  4  5  6  7  8  9 10 11 12 |
---------------+-------------------------------------+-----
Long Blades    | 3 4 5 8 9 10 11 | 11.5
Dodging        | 1 2 3 5 6 7 |  7.5
Shields        | 4 5 6 8 9 |  9.2
Fighting       | 4 5 6 8 9 |  9.2
Armour         | 4 6 7 8 9 |  9.4
Invocations    | 1 3 |  3.4
Crossbows      | 1 3 |  3.6

Action                   |  1- 3 |  4- 6 |  7- 9 | 10-12 || total
-------------------------+-------+-------+-------+-------++-------
Melee: Long sword        |   125 |   119 |   320 |   379 ||   943
       Scimitar          |       |       |       |   235 ||   235
Invok: Heroism           |       |       |     4 |     8 ||    12
 Abil: Shaft Self        |       |       |       |     1 ||     1
Evoke: Wand              |       |     4 |       |     9 ||    13
       Rod               |       |       |       |     1 ||     1
  Use: Scroll            |       |     6 |     5 |     2 ||    13
       Potion            |       |     7 |     2 |     1 ||    10
  Eat: Chunk             |       |     5 |    11 |    22 ||    38
       Pizza             |       |       |     1 |       ||     1
       Meat ration       |       |       |     1 |     1 ||     2
       Beef jerky        |       |       |       |     1 ||     1
Armor: Scale mail        |    69 |    52 |    61 |    44 ||   226
       Steam dragon scal |       |       |       |   105 ||   105
Dodge: Dodged            |    41 |    41 |    71 |   279 ||   432
Block: Shield            |    69 |    78 |   115 |   353 ||   615
       Rpst.: Long sword |    10 |    21 |    26 |    55 ||   112
       Scimitar          |       |       |       |    29 ||    29
